 Dungeon Crawl Stone Soup version 0.30.0-29-ga12c61a403 (webtiles) character file.

Game seed: 17938466865393657700

431 Fnord73 the Digger (level 6, -4/70 HPs)
             Began as a Draconian Earth Elementalist on June 6, 2023.
             Was a Believer of Okawaru.
             Slain by an iguana (7 damage)
             ... on level 5 of the Dungeon on June 7, 2023.
             The game lasted 00:24:17 (3216 turns).

Fnord73 the Digger (Draconian Earth Elementalist)   Turns: 3216, Time: 00:24:17

Health: -4/70      AC: 23    Str: 16    XL:     6   Next: 66%
Magic:  10/11      EV:  2    Int: 24    God:    Okawaru [**....]
Gold:   309        SH:  5    Dex: 11    Spells: 11/12 levels left

rFire   . . .        a - +3 dagger (holy)
rCold   . . .        (no shield)
rNeg    . . .        (body armour unavailable)
rPois   +            (helmet currently unavailable)
rElec   .            (cloak currently unavailable)
rCorr   .            (gloves currently unavailable)
SInv    .            (boots currently unavailable)
Will    .....        n - amulet of reflection
Stlth   ++           d - +6 ring of intelligence
HPRegen 0.31/turn    j - +6 ring of strength
MPRegen 0.12/turn

%: reflection
@: tree-form
A: stationary, stasis, torment immunity, boosted hp, AC +6, unfitting armour,
(cold-blooded)
a: Renounce Religion, Heroism


You were on level 5 of the Dungeon.
You worshipped Okawaru.
Okawaru was pleased with you.
You were a tree.
You visited 1 branch of the dungeon, and saw 5 of its levels.

You collected 309 gold pieces.

Inventory:

Hand Weapons
 a - a +3 dagger of holy wrath (weapon)
 b - a +0 whip of venom
 o - a +1 heavy sling
Missiles
 h - 12 poisoned darts
Jewellery
 d - a +6 ring of intelligence (left branch)
 j - a +6 ring of strength (right branch)
 n - an amulet of reflection (around neck)
 s - a +6 ring of intelligence
Wands
 u - a wand of paralysis (10)
Scrolls
 e - a scroll of teleportation {unknown}
 g - a scroll of brand weapon {unknown}
 k - a scroll of enchant armour {unknown}
 l - a scroll of fear {unknown}
 m - 3 scrolls of identify {unknown}
 p - a scroll of immolation
 q - a scroll of magic mapping {unknown}
 r - a scroll of noise {unknown}
Potions
 f - 2 potions of might {unknown}
 i - a potion of attraction {unknown}
 t - 3 potions of curing {unknown}


   Skills:
 + Level 1.4 Fighting
 + Level 1.1 Short Blades
 + Level 2.0 Maces & Flails
 + Level 2.8 Dodging
 + Level 2.8 Stealth
 + Level 0.7 Shields
 + Level 3.5 Spellcasting
 + Level 1.0 Transmutations
 + Level 4.7 Earth Magic


You had 11 spell levels left.
You knew the following spells:

 Your Spells              Type           Power      Damage    Failure   Level
a - Sandblast             Erth           54%        2d13      1%          1

Your spell library contained the following spells:

 Spells                   Type           Power      Damage    Failure   Level
 Passwall                 Tmut/Erth      15%        N/A       4%          2
 Stone Arrow              Conj/Erth      30%        3d8       12%         3
 Lesser Beckoning         Tloc           8%         N/A       16%         2
 Gell's Gravitas          Tloc           4%         N/A       30%         3
 Teleport Other           Tloc           4%         N/A       30%         3
 Petrify                  Tmut/Erth      18%        N/A       30%         4


Dungeon Overview and Level Annotations

Branches:
Dungeon (5/15)
 Temple: D:4-7

Altars:
Okawaru


Innate Abilities, Weirdness & Mutations

You are a tree.
Your roots penetrate the ground, keeping you stationary.
You cannot be teleported.
You are immune to unholy pain and torment.
Your maximum health is greatly increased.
Your equipment is partially melded.
((Your plain brown scales are hard. (AC +6)))
You cannot fit into any form of body armour.
((You are cold-blooded and may be slowed by cold attacks.))


Message History

The iguana is moderately wounded.
You block the iguana's attack.
The iguana bites you but does no damage.
You hit the iguana.
The iguana is heavily wounded.
The iguana bites you! The iguana barely misses you.
You closely miss the iguana.
The iguana is heavily wounded.
The iguana misses you.
The iguana bites you but does no damage.
The iguana attacks as you move away! The iguana barely misses you.
Casting: Sandblast (safe; 1% risk of failure)
Confirm with . or Enter, or press ? or * to list all spells.
Aiming: Sandblast (safe; 1% risk of failure)
Press: ? - help, Shift-Dir - straight line, f - iguana
Aim: an iguana (85% to hit)
The blast of sand hits the iguana but does no damage.
The iguana bites you.
The iguana bites you but does no damage.
The iguana barely misses you. The iguana bites you. x2
The iguana closely misses you.
You barely miss the iguana. The iguana misses you.
The iguana closely misses you. The iguana barely misses you.
You hit the iguana. You tail-slap the iguana.
The iguana is heavily wounded.
You hit the iguana but do no damage.
The iguana is heavily wounded.
The iguana closely misses you. The iguana bites you. The iguana bites you!
* * * LOW HITPOINT WARNING * * *
You hit the iguana but do no damage.
The iguana is heavily wounded.
The iguana barely misses you. The iguana closely misses you.
The iguana bites you.
* * * LOW HITPOINT WARNING * * *
It was a potion of lignification.
You turn into a tree.
Your roots penetrate the ground.
You block the iguana's attack. The iguana bites you!
* * * LOW HITPOINT WARNING * * *
The iguana bites you!
You die...

....†..........#.....
.............)......#
..###................#
. #...............#.#
#..###....[......# #..
#...........# #.
##.............
##.....l..#######
#......l♣.#
.....##..)l.#
##...#.##...# ##....
....P. ............#
##>........P.#
#...........#
#..........


You could see 3 iguanas.

Vanquished Creatures
  An ogre (D:5)
  The ghost of Bnni the Digger, an amateur FoEE (D:3)
  A phantom (D:4)
  A hound (D:4)
  Ijyb (D:3)
  A gnoll (D:1)
  7 adders
  A worm (D:2)
  2 dart slugs
  An orc (D:5)
  7 bats
  6 endoplasms
  A giant cockroach (D:2)
  4 goblins
  6 hobgoblins
  7 jackals
  5 kobolds
  4 quokkas (D:2)
  7 ball pythons
  A frilled lizard (D:2)
  2 rats
67 creatures vanquished.

Notes
Turn   | Place    | Note
-------+----------+-------------------------------------------
     0 | D:1      | Fnord73 the Draconian Earth Elementalist began the quest
                  | for the Orb.
     0 | D:1      | Reached XP level 1. HP: 14/14 MP: 3/3
    52 | D:1      | Found a faded altar of an unknown god.
    60 | D:1      | Prayed at the altar of an unknown god.
    60 | D:1      | Became a worshipper of Warmaster Okawaru
    60 | D:1      | Reached * piety under Okawaru
   104 | D:1      | Reached XP level 2. HP: 20/20 MP: 5/5
   205 | D:1      | Reached XP level 3. HP: 26/26 MP: 2/6
   828 | D:2      | Reached skill level 1 in Maces & Flails
   901 | D:2      | Reached XP level 4. HP: 32/34 MP: 2/7
  1237 | D:3      | Noticed Ijyb
  1247 | D:3      | Paralysed by Ijyb for 3 turns
  1254 | D:3      | Paralysed by Ijyb for 4 turns
  1260 | D:3      | Paralysed by Ijyb for 3 turns
  1264 | D:3      | Killed Ijyb
  1265 | D:3      | Reached skill level 4 in Earth Magic
  1705 | D:3      | Found a runed translucent door.
  1706 | D:3      | Noticed Bnni's ghost (amateur FoEE)
  1713 | D:3      | Reached XP level 5. HP: 37/39 MP: 7/9
  1717 | D:3      | Killed Bnni's ghost
  1717 | D:3      | Reached ** piety under Okawaru
  2329 | D:3      | Reached skill level 1 in Fighting
  2667 | D:4      | Reached XP level 6. HP: 38/47 MP: 8/10
  3165 | D:5      | Entered Level 5 of the Dungeon
  3173 | D:5      | Reached skill level 1 in Short Blades
  3216 | D:5      | HP: 3/70 [iguana (10)]
  3216 | D:5      | Slain by an iguana

Illustrated notes

Levels and vault maps discovered:
D:1:      ncdulo_watergridlock, layout_loops_ring, basic_ecumenical_altar
D:2:      layout_basic, grunt_ministairs_1
D:3:      layout_loops_ring, ebering_ghost_inner_flame,
          chequers_serial_rivers_room_b, uniq_ijyb
D:4:      layout_basic, chequers_hall_statues_corner_a
D:5:      layout_cave_pools, minmay_temple_entry_poolview,
          sigmund_edmund_badplayer

Skill      XL: |  1  2  3  4  5  6 |
---------------+-------------------+-----
Dodging        | 2 |  2.8
Stealth        | 2 |  2.8
Maces & Flails | 1 2 |  2.0
Earth Magic    | 4 |  4.7
Spellcasting   | 3 |  3.5
Fighting       | 1 |  1.4
Short Blades   | 1 |  1.1
Shields        | |  0.7
Transmutations | |  1.0

Action                     |  1- 3 |  4- 6 || total
---------------------------+-------+-------++-------
  Melee: Whip              |    59 |    24 ||    83
         Tailslap          |     4 |    12 ||    16
         Punch             |     1 |     1 ||     2
         Dagger            |       |    75 ||    75
   Cast: Sandblast         |    25 |    24 ||    49
    Use: Potion            |       |     3 ||     3
   Stab: Sleeping          |     5 |     2 ||     7
 Armour: Skin              |    27 |    39 ||    66
  Dodge: Dodged            |    53 |    80 ||   133
  Block: Other             |       |    23 ||    23
